 Dungeon Crawl Stone Soup version 0.25-a0-317-g5f8687bca5 (webtiles) character file.

Game seed: 3691454771386391287, levelgen mode: deterministic

8546 Esekla the Slicer (level 11, -6/56 HPs)
             Began as a Vine Stalker Assassin on Dec 25, 2019.
             Was a Believer of Dithmenos.
             Shot with a bolt by an orc warrior (13 damage)
             ... in a bailey on Dec 26, 2019.
             The game lasted 01:44:12 (10198 turns).

Esekla the Slicer (Vine Stalker Assassin)          Turns: 10198, Time: 01:44:13

Health: -6/56      AC:  6    Str: 14    XL:     11   Next: 32%
Magic:  0/33       EV: 15    Int: 13    God:    Dithmenos [**....]
Gold:   654        SH:  0    Dex: 17    Spells: 9/26 levels left

rFire    . . .     SeeInvis .   a - +2 dagger (drain)
rCold    . . .     Gourm    .   (no shield)
rNeg     . . .     Faith    .   K - +0 robe (curse)
rPois    .         Spirit   +   G - +0 helmet
rElec    .         Reflect  .   y - +2 cloak
rCorr    .         Harm     .   (no gloves)
MR       +....                  (no boots)
Stlth    ++++......             (no amulet)
HPRegen  0.58/turn              i - ring of magical power
MPRegen  0.23/turn              q - +6 ring of slaying

@: very slightly contaminated, wreathed by umbra
A: fangs 3, regeneration 1, magic shield, antimagic bite, no potion heal 3, rot
immunity
a: Shadow Step, Renounce Religion


You were in a bailey.
You worshipped Dithmenos.
Dithmenos was pleased with you.
You were hungry.

You visited 2 branches of the dungeon, and saw 11 of its levels.
You also visited: Sewer and Bailey.

You collected 759 gold pieces.
You spent 105 gold pieces at shops.

Inventory:

Hand Weapons
 a - a +2 dagger of draining (weapon)
 j - a +0 spear
Missiles
 d - 25 poisoned darts (quivered)
 e - 2 curare-tipped darts
 p - 14 boomerangs
Armour
 y - a +2 cloak (worn)
 G - a +0 helmet (worn)
 K - a cursed +0 robe (worn)
Jewellery
 i - a ring of magical power (left hand)
 o - an uncursed ring of teleportation
 q - a +6 ring of slaying (right hand)
 t - an uncursed ring of wizardry
 v - an uncursed ring of protection from cold
 J - an uncursed ring of fire
Wands
 u - a wand of paralysis (5)
 w - a wand of iceblast (5)
Scrolls
 c - a scroll of enchant weapon
 h - 5 scrolls of teleportation
 m - 2 scrolls of amnesia
 r - 2 scrolls of remove curse
 E - a scroll of identify
 F - 2 scrolls of enchant armour
Potions
 g - 2 potions of flight {unknown}
 l - 2 potions of haste
 n - a potion of curing
 x - a potion of resistance
 z - 2 potions of cancellation
 A - a potion of brilliance
 B - a potion of magic {unknown}
 C - a potion of might
 H - a potion of lignification {unknown}
Comestibles
 b - a chunk of flesh
 f - 18 rations


   Skills:
 + Level 5.5 Fighting
 + Level 8.1 Short Blades
 - Level 5.0 Throwing
 + Level 4.6 Dodging
 + Level 5.2 Stealth
 * Level 8.0 Spellcasting
 + Level 3.5 Conjurations
 + Level 3.1 Charms
 + Level 5.1 Necromancy
 + Level 3.5 Fire Magic


You had 9 spell levels left.
You knew the following spells:

 Your Spells              Type           Power        Failure   Level  Hunger
a - Foxfire               Conj/Fire      ##..         3%          1    None
d - Vampiric Draining     Necr           ###.......   4%          3    ##.....
f - Conjure Flame         Conj/Fire      ##......     10%         3    ##.....
g - Regeneration          Chrm/Necr      ###.......   8%          3    ##.....
i - Inner Flame           Hex/Fire       #.......     21%         3    ##.....
y - Sticky Flame          Conj/Fire      ##......     32%         4    ####...

Your spell library contained the following spells:

 Spells                   Type           Power        Failure   Level  Hunger
 Animate Skeleton         Necr           N/A          1%          1    None
 Pain                     Necr           ###.         1%          1    None
 Animate Dead             Necr           N/A          17%         4    ####...
 Fireball                 Conj/Fire      ##........   65%         5    #####..


Dungeon Overview and Level Annotations

Branches:
Dungeon (10/15)            Temple (1/1) D:6           Sewer (visited)
 Bailey (1/1)
   Lair: D:8-11         Orc: D:9-12

Altars:
Ashenzari
Dithmenos
Fedhas
Gozag
Hepliaklqana
Kikubaaqudgha
Makhleb
Qazlal
Ru
Sif Muna
Trog
Uskayaw
Wu Jian
Xom
Yredelemnul
Zin

Shops:
D:5 ?   D:8 *   D:9 !   D:10 %

Annotations:
D:4 1 runed translucent door, Lanoc's ghost, novice GrAK
D:6 1 runed translucent door, appa's ghost, novice TrWz


Innate Abilities, Weirdness & Mutations

You have razor-sharp teeth.
Your natural rate of healing is unusually fast.
When hurt, damage is shared between your health and your magic reserves.
Your bite disrupts and absorbs the magic of your enemies.
Potions cannot restore your health.
You are immune to rotting.


Message History

As you read the scroll of fear, it crumbles to dust.
You assume a fearsome visage.
The orc warrior looks frightened!
The orc knight looks frightened!
The orc warrior looks frightened!
The orc knight burns!
You kill the orc knight!
Dithmenos accepts your kill.
Your Spellcasting skill increases to level 8!
There is an open door here.
You close the door.
Something unseen opens the door.
The orc warrior seems to regain its courage.
The orc warrior shoots a bolt.
The bolt closely misses you.
The orc warrior shoots a bolt.
The bolt hits you!!
* * * LOW HITPOINT WARNING * * *
You see here a bolt.
As you read the scroll of fear, it crumbles to dust.
You assume a fearsome visage.
The orc warrior looks frightened!
The orc warrior seems to regain its courage.
The orc warrior shoots a bolt.
The bolt hits you!
You die...

### ### ###
#.###########∩###########o##
...##.....##().##.....##..:#
...#..≈≈≈..#).(#..≈≈≈..#..[#
...#.≈≈)≈≈.)(....≈≈)≈≈.#..%#
...'.≈.∩g≈.......≈)∩.≈.o.()#
...#.≈≈.≈≈.......≈≈)≈≈.#..$#
...#..≈≈≈..#...#@.≈≈≈..#...#
...##.....##...##(..o.##..(#
#.###########∩###########o##
### ### ###


You could see 2 orc warriors.

Vanquished Creatures
  An unseen horror (D:10)
  2 orc knights (Bailey)
  Grinder (D:6)
  Sigmund (D:3)
  3 wraiths (D:8)
  2 yaks
  A wyvern (D:8)
  A human (D:7)
  3 hogs (D:7)
  A water moccasin (D:8)
  A porcupine (D:9)
  2 black bears
  10 orc warriors
  4 phantoms
  4 sky beasts
  2 necrophages (D:8)
  8 ogres
  4 centaurs
  2 crocodiles (D:9)
  4 bullfrogs
  A scorpion (D:6)
  A troll zombie (D:8)
  6 killer bees (D:7)
  A howler monkey (D:5)
  4 crimson imps
  A jelly (D:9)
  2 quasits
  6 hounds
  3 centaur skeletons
  2 orc priests
  8 orc wizards
  3 human zombies (D:8)
  Ijyb (D:3)
  Terence (D:3)
  3 iguanas
  3 worker ants
  A hound zombie (D:6)
  2 mummies (D:8)
  A hound skeleton (D:5)
  A howler monkey zombie (D:8)
  A worker ant zombie (D:9)
  9 adders
  A howler monkey skeleton (D:6)
  2 river rats (Sewer)
  A shadow imp (D:5)
  An adder skeleton (D:6)
  5 worms
  A dart slug (D:1)
  4 leopard geckos
  28 orcs
  2 bats (D:1)
  5 giant cockroaches
  8 goblins
  4 hobgoblins (D:1)
  7 jackals
  4 quokkas
  2 ball pythons
  10 frilled lizards
  5 kobolds
  2 leopard gecko zombies (D:5)
  An orc zombie (D:8)
  A quokka skeleton (D:8)
  12 rats
224 creatures vanquished.

Vanquished Creatures (others)
  24 foxfires
  2 fungi (D:9)
  4 plants (D:9)
  2 withered plants (D:6)
32 creatures vanquished.

Grand Total: 256 creatures vanquished

Notes
Turn   | Place    | Note
-------+----------+-------------------------------------------
     0 | D:1      | Esekla the Vine Stalker Assassin began the quest for the
                  | Orb.
     0 | D:1      | Reached XP level 1. HP: 11/11 MP: 2/2
   230 | D:1      | Reached XP level 2. HP: 6/15 MP: 1/3
   842 | D:3      | Found a glowing silver altar of Zin.
   845 | D:3      | Found an ornate altar of the Wu Jian Council.
   875 | D:3      | Noticed Ijyb
   876 | D:3      | Reached skill level 1 in Dodging
   907 | D:2      | Reached XP level 3. HP: 6/19 MP: 1/4
   921 | D:2      | Found a basalt altar of Yredelemnul.
   921 | D:2      | Found a shattered altar of Ashenzari.
  1339 | D:4      | Found a runed translucent door.
  1348 | D:4      | Gained mutation: Your natural rate of healing is unusually
                  | fast. [Vine Stalker growth]
  1348 | D:4      | Reached XP level 4. HP: 23/23 MP: 5/5
  1395 | D:4      | Learned a level 3 spell: Conjure Flame
  1403 | D:4      | Noticed a phantom
  1532 | D:4      | Reached XP level 5. HP: 25/27 MP: 6/6
  1560 | D:4      | Noticed Lanoc's ghost (novice GrAK)
  2938 | D:3      | Noticed Sigmund
  3099 | D:3      | Killed Sigmund
  3099 | D:3      | Reached skill level 1 in Spellcasting
  3099 | D:3      | Reached XP level 6. HP: 32/32 MP: 9/9
  3208 | D:3      | Learned a level 3 spell: Vampiric Draining
  3278 | D:3      | Noticed Terence
  3458 | D:3      | Paralysed by Ijyb for 6 turns
  3473 | D:3      | Killed Ijyb
  3473 | D:3      | Reached XP level 7. HP: 36/36 MP: 10/10
  3481 | D:3      | Killed Terence
  3698 | D:4      | Reached skill level 5 in Stealth
  3698 | D:4      | Reached skill level 1 in Necromancy
  4004 | D:4      | Found a stormy altar of Qazlal.
  4070 | D:5      | Entered Level 5 of the Dungeon
  4183 | D:4      | Gained mutation: You have razor-sharp teeth. [Vine Stalker
                  | growth]
  4183 | D:4      | Reached XP level 8. HP: 29/41 MP: 13/13
  4361 | D:5      | Found a shimmering blue altar of Sif Muna.
  4547 | D:5      | Found Mauhoph's Magic Scroll Shoppe.
  4551 | D:5      | Bought a scroll of enchant weapon for 105 gold pieces
  4650 | D:6      | Found a glowing drain.
  4655 | Sewer    | Entered a sewer
  5298 | D:6      | Reached skill level 5 in Short Blades
  5298 | D:6      | Reached skill level 1 in Fire Magic
  5303 | D:6      | Reached skill level 5 in Throwing
  5303 | D:6      | Reached skill level 1 in Conjurations
  5343 | D:6      | Reached XP level 9. HP: 45/45 MP: 15/15
  5383 | D:6      | Found a staircase to the Ecumenical Temple.
  5392 | Temple   | Entered the Ecumenical Temple
  5430 | Temple   | Became a worshipper of Dithmenos the Shadowed
  6322 | D:6      | Found a runed translucent door.
  6325 | D:6      | Noticed appa's ghost (novice TrWz)
  6351 | D:6      | Noticed Grinder
  6391 | D:6      | Found a blossoming altar of Fedhas.
  6414 | D:6      | Killed Grinder
  6502 | D:6      | Found an ancient bone altar of Kikubaaqudgha.
  6890 | D:8      | Reached * piety under Dithmenos
  6932 | D:8      | Reached skill level 5 in Spellcasting
  6934 | D:8      | Found an ancient bone altar of Kikubaaqudgha.
  6954 | D:8      | Reached XP level 10. HP: 39/51 MP: 18/18
  7117 | D:8      | Found a hazy altar of Hepliaklqana.
  7340 | D:7      | Reached skill level 5 in Fighting
  7674 | D:7      | Learned a level 1 spell: Foxfire
  7678 | D:7      | Learned a level 3 spell: Regeneration
  7683 | D:7      | Learned a level 4 spell: Sticky Flame
  7886 | D:7      | Reached skill level 1 in Charms
  7969 | D:7      | Found a sacrificial altar of Ru.
  8038 | D:7      | Found a hide-covered altar of Uskayaw.
  8663 | D:8      | Found Wafe's General Store.
  8763 | D:8      | Reached ** piety under Dithmenos
  9306 | D:10     | Entered Level 10 of the Dungeon
  9306 | D:10     | Found Weafueje's Food Boutique.
  9499 | D:9      | Found Efouguru's Distillery.
  9590 | D:10     | Noticed an unseen horror
  9604 | D:10     | Noticed a two-headed ogre
  9615 | D:10     | Found a flagged portal.
  9620 | D:10     | Killed an unseen horror
  9620 | D:10     | Reached skill level 5 in Necromancy
  9620 | D:10     | Reached XP level 11. HP: 11/56 MP: 3/23
  9647 | Bailey   | Entered a bailey
  9782 | Bailey   | Noticed an orc knight
  9848 | Bailey   | Learned a level 3 spell: Inner Flame
 10048 | Bailey   | Killed an orc knight
 10066 | Bailey   | Reached *** piety under Dithmenos
 10179 | Bailey   | Noticed an orc knight
 10186 | Bailey   | Killed an orc knight
 10198 | Bailey   | Shot with a bolt by an orc warrior

Levels and vault maps discovered:
D:1:      psy_arrival_conway, layout_loops_corners, minmay_hedge_maze,
          minmay_close_crescents
D:2:      wander_river, layout_basic, chequers_temple_overflow_statue_of_worship
D:3:      layout_loops_ring, minitemple, uniq_sigmund, uniq_terence, uniq_ijyb
D:4:      layout_rooms, lemuel_coloured_pillars_altar, first_ration,
          ebering_ghost_reflecting_pool, grunt_ministairs_11,
          minmay_misc_feat_pillars
D:5:      layout_gridville, serial_rivers, chequers_serial_rivers_small_a,
          chequers_serial_rivers_small_a, chequers_serial_rivers_marsh,
          chequers_serial_rivers_large_b, serial_shops, shop, minivault_25,
          led_sif_pool
D:6:      layout_basic, grunt_temple_overflow_growth_and_decay,
          minmay_temple_entry_poolview, gammafunk_ghost_grave,
          portal_sewer_entry_e, nrook_campfire, uniq_grinder
D:7:      layout_basic, overflow_temple_1_default, nicolae_ru_path_of_blood,
          grunt_livestock, minmay_misc_feat_nine_boxes
D:8:      layout_loops_corners, nicolae_overflow_hidden_temple, serial_shops,
          kennysheep_mini, lemuel_mausoleum_altar_kikubaaqudgha
D:9:      layout_gridville, minmay_lair_entry_grove, serial_shops,
          kennysheep_mini_moat, bloody_makhleb, uniq_harold
D:10:     minmay_s_stair_smasher, layout_basic, serial_shops, shop,
          enter_bailey_3, uniq_sonja
Temple:   minmay_temple_curvy_loop
Bailey:   bailey_polearm_4, bailey

Skill      XL: |  1  2  3  4  5  6  7  8  9 10 11 |
---------------+----------------------------------+-----
Short Blades   | 2 3 4 5 6 7 8 |  8.1
Fighting       | 2 3 4 5 |  5.5
Throwing       | 2 3 4 5 |  5.0
Dodging        | 1 2 3 4 |  4.6
Spellcasting   | 1 2 3 5 7 8 |  8.0
Stealth        | 5 |  5.2
Necromancy     | 2 3 4 5 |  5.1
Fire Magic     | 1 3 |  3.5
Conjurations   | 1 3 |  3.5
Charms         | 3 |  3.1

Action                   |  1- 3 |  4- 6 |  7- 9 | 10-12 || total
-------------------------+-------+-------+-------+-------++-------
Melee: Dagger            |    76 |    74 |   254 |   193 ||   597
       Bite              |    20 |    22 |    76 |    58 ||   176
       Long sword        |       |       |       |     4 ||     4
Throw: Dart              |     3 |    37 |    49 |   110 ||   199
       Boomerang         |       |       |     4 |    10 ||    14
 Cast: Vampiric Draining |       |       |     4 |     3 ||     7
       Conjure Flame     |       |       |     1 |     3 ||     4
       Foxfire           |       |       |       |    13 ||    13
       Sticky Flame      |       |       |       |     5 ||     5
       Regeneration      |       |       |       |     3 ||     3
       Inner Flame       |       |       |       |     2 ||     2
Invok: Shadow Step       |       |       |       |     1 ||     1
  Use: Scroll            |       |     8 |     5 |    10 ||    23
       Potion            |       |     1 |       |     2 ||     3
 Stab: Sleeping          |     4 |     3 |    21 |    12 ||    40
       Distracted        |       |       |     1 |     1 ||     2
  Eat: Chunk             |       |     8 |     8 |     9 ||    25
       Ration            |       |       |     1 |     1 ||     2
Armor: Robe              |    17 |     9 |    32 |    19 ||    77
Dodge: Dodged            |    42 |    41 |   104 |   115 ||   302

Table legend:
 A = Non-vault XP
 B = Vault XP
 C = Vault XP percentage of total XP
 D = Non-vault monster count
 E = Vault monster count
 F = Vault count percentage of total count
                 A         B        C        D         E       F
            +---------+---------+-------+---------+---------+-------
      Total |    6415 |    5794 |  47.5 |     149 |      75 |  33.5
            +---------+---------+-------+---------+---------+-------
        D:1 |      26 |      10 |  27.8 |      14 |       5 |  26.3
        D:2 |      85 |       0 |   0.0 |       9 |       0 |   0.0
        D:3 |     121 |     304 |  71.5 |      16 |       4 |  20.0
        D:4 |     493 |      93 |  15.9 |      10 |       5 |  33.3
        D:5 |     954 |       0 |   0.0 |      20 |       0 |   0.0
        D:6 |    1037 |     281 |  21.3 |      25 |       1 |   3.8
        D:7 |     910 |    1010 |  52.6 |      17 |       5 |  22.7
        D:8 |    1609 |    1122 |  41.1 |      25 |      12 |  32.4
        D:9 |     494 |     472 |  48.9 |      12 |       3 |  20.0
       D:10 |     686 |       8 |   1.2 |       1 |       4 |  80.0
      Sewer |       0 |      72 | 100.0 |       0 |      22 | 100.0
     Bailey |       0 |    2422 | 100.0 |       0 |      14 | 100.0
            +---------+---------+-------+---------+---------+-------
